 Dungeon Crawl Stone Soup version 0.32-a0-859-gb0a091d592 (webtiles) character file.

Game seed: 10170303541253613062

415 wildpjah the Slasher (level 6, 0/47 HPs)
             Began as a Demonspawn Gladiator on Mar 27, 2024.
             Was an Initiate of Makhleb.
             Slain by an ice beast (9 damage)
             ... on level 5 of the Dungeon.
             The game lasted 00:08:45 (2158 turns).

wildpjah the Slasher (Demonspawn Gladiator)         Turns: 2158, Time: 00:08:45

Health: 0/47       AC: 11    Str: 15    XL:     6   Next: 60%
Magic:  0/6        EV: 12    Int:  8    God:    Makhleb [......]
Gold:   136        SH:  0    Dex: 16    Spells: 5/5 levels left

rFire   . . .        a - +0 long sword
rCold   . . .        (no shield)
rNeg    . . .        v - +0 chain mail
rPois   .            c - +0 helmet
rElec   .            (no cloak)
rCorr   .            (no gloves)
SInv    .            g - +0 pair of boots
Will    .....        (no amulet) Stlth
                     l - +5 ring of evasion
HPRegen 0.27/turn    (no ring)
MPRegen 0.20/turn

%: guardian spirit
@: no status effects
A: spiny 1, magic shield, magic regeneration
a: Renounce Religion


You were on level 5 of the Dungeon.
You worshipped Makhleb.
Makhleb was noncommittal.
You visited 2 branches of the dungeon, and saw 5 of its levels.

You collected 136 gold pieces.

Inventory:

Hand Weapons
 a - a +0 long sword (weapon)
 m - a +1 dagger of venom
Missiles
 d - 3 throwing nets
 e - a javelin (quivered)
Armour
 b - a +0 leather armour
 c - a +0 helmet (worn)
 g - a +0 pair of boots (worn)
 v - a +0 chain mail (worn)
Jewellery
 l - a +5 ring of evasion (left hand)
 o - a ring of resist corrosion
Wands
 q - a wand of polymorph (3)
Scrolls
 f - a scroll of amnesia {unknown}
 h - 2 scrolls of identify {unknown}
 p - a scroll of immolation {unknown}
 r - a scroll of poison {unknown}
Potions
 i - a potion of haste {unknown}
 j - a potion of magic {unknown}
 k - a potion of resistance {unknown}
 n - a potion of mutation {unknown}
 s - a potion of brilliance {unknown}
 t - a potion of attraction {unknown}
 u - 2 potions of heal wounds {unknown}


   Skills:
 * Level 3.1 Fighting
 * Level 4.9 Long Blades
 + Level 1.8 Throwing
 * Level 2.8 Armour
 + Level 3.3 Dodging
 + Level 1.7 Stealth


You had 5 spell levels left.
You didn't know any spells.
Your spell library contained the following spells:

 Spells                   Type           Power      Damage    Failure   Level
 Summon Forest            Summ/Tloc      0%         N/A       100%        5
 Summon Mana Viper        Hex/Summ       0%         N/A       100%        5
 Summon Cactus Giant      Summ           0%         N/A       100%        6


Dungeon Overview and Level Annotations

Branches:
Dungeon (5/15)             Temple (1/1) D:4

Altars:
Ashenzari
Cheibriados
Dithmenos
Hepliaklqana
Kikubaaqudgha
Makhleb
Nemelex Xobeh
Qazlal
Ru
Sif Muna
Trog
Uskayaw
Vehumet
Yredelemnul

Shops:
D:1 =*

Annotations:
D:2 1 runed translucent door, Crazy Yiuf


Innate Abilities, Weirdness & Mutations

You are partially covered in sharp spines.
When hurt, damage is shared between your health and your magic reserves.
You regenerate magic rapidly.


Message History

You hit the ice beast but do no damage.
The ice beast is moderately wounded.
You hit the ice beast but do no damage.
The ice beast is moderately wounded.
The ice beast hits you but does no damage.
You hit the ice beast but do no damage.
The ice beast is moderately wounded.
The ice beast hits you. The ice beast freezes you!
You barely miss the ice beast.
The ice beast is moderately wounded.
The ice beast closely misses you.
You hit the ice beast but do no damage.
The ice beast is poisoned.
The ice beast is lightly wounded.
The ice beast barely misses you.
You hit the ice beast but do no damage.
The ice beast is lightly wounded.
The ice beast hits you. The ice beast freezes you!
* * * LOW HITPOINT WARNING * * *
You hit the ice beast but do no damage.
The ice beast is moderately wounded.
The ice beast is struck by your spines.
The ice beast hits you but does no damage.
Your +1 dagger of venom stops dripping with poison.
a - a +0 long sword (weapon)
You hit the ice beast.
The ice beast is moderately wounded.
The ice beast barely misses you.
You slash the ice beast!
The ice beast is severely wounded.
The ice beast is struck by your spines.
The ice beast hits you but does no damage.
You hit the ice beast.
The ice beast is almost dead.
The ice beast hits you but does no damage.
You closely miss the ice beast.
The ice beast is almost dead.
The ice beast hits you.
* * * LOW HITPOINT WARNING * * *
The ice beast freezes you!
You die...

### .........#
.......#.#
.......#.#
.......#.#
#.....#<# #..
##.....#.##.....
......Y#...#
#.....@####
#.......#
#.......#
#.......#
#.../.### ##..##
... ##.#


You could see an ice beast (poisoned).

Vanquished Creatures
  Edmund (D:4)
  A scorpion (D:4)
  A bombardier beetle (D:4)
  An orc priest (D:2)
  Natasha (thrice) (D:4)
  4 adders
  A ribbon worm (D:4)
  A dart slug (D:1)
  4 orcs (D:2)
  3 ball pythons
  5 endoplasms
  6 giant cockroaches
  8 goblins
  5 hobgoblins
  3 jackals (D:4)
  8 kobolds
  5 bats
  2 frilled lizards (D:1)
  2 rats (D:1)
64 creatures vanquished.

Notes
Turn   | Place    | Note
-------+----------+-------------------------------------------
     0 | D:1      | wildpjah the Demonspawn Gladiator began the quest for the
                  | Orb.
     0 | D:1      | Reached XP level 1. HP: 16/16 MP: 1/1
   194 | D:1      | Gained mutation: You are partially covered in sharp spines.
                  | [demonic ancestry]
   194 | D:1      | Reached XP level 2. HP: 22/22 MP: 2/2
   217 | D:1      | Reached skill level 3 in Long Blades
   286 | D:1      | Found Tunonn's General Store.
   401 | D:1      | Found Townuiqo's Jewellery Shoppe.
   834 | D:2      | Reached XP level 3. HP: 28/28 MP: 3/3
   935 | D:2      | Found a runed translucent door.
   936 | D:2      | Noticed Crazy Yiuf
  1001 | D:2      | Reached skill level 1 in Armour
  1001 | D:2      | Reached skill level 1 in Stealth
  1001 | D:2      | Gained mutation: You regenerate magic rapidly. [demonic
                  | ancestry]
  1001 | D:2      | Reached XP level 4. HP: 15/34 MP: 4/4
  1135 | D:2      | You fall into a shaft and drop 2 floors!
  1135 | D:4      | Found a staircase to the Ecumenical Temple.
  1151 | Temple   | Found a transporter.
  1151 | Temple   | Found a transporter.
  1151 | Temple   | Found a transporter.
  1151 | Temple   | Found a transporter.
  1151 | Temple   | Entered the Ecumenical Temple
  1176 | Temple   | Became a worshipper of Makhleb the Destroyer
  1319 | D:4      | Noticed a scorpion
  1325 | D:4      | Killed a scorpion
  1326 | D:4      | Reached skill level 4 in Long Blades
  1326 | D:4      | Gained mutation: When hurt, damage is shared between your
                  | health and your magic reserves. [demonic ancestry]
  1326 | D:4      | Reached XP level 5. HP: 36/40 MP: 5/5
  1372 | D:4      | Noticed Edmund
  1431 | D:4      | Killed Edmund
  1432 | D:4      | Reached XP level 6. HP: 8/46 MP: 3/6
  1601 | D:4      | Noticed Natasha
  1610 | D:4      | Killed Natasha
  1786 | D:4      | Noticed Natasha
  1799 | D:4      | Killed Natasha
  1990 | D:4      | Noticed Natasha
  1997 | D:4      | Killed Natasha
  2060 | D:5      | Entered Level 5 of the Dungeon
  2140 | D:5      | Noticed an ice beast
  2158 | D:5      | Slain by an ice beast

Illustrated notes

Levels and vault maps discovered:
D:1:      lemuel_arrival_lava_pool, layout_basic, serial_shops, shop, shop,
          hangedman_abyss_or_decor_stabs, minmay_misc_feat_secret_circle
D:2:      layout_basic, uniq_jessica, uniq_crazy_yiuf_cottage
D:4:      layout_cave_pools, minmay_temple_entry_waves,
          nicolae_elevator_lobby_asterisk, uniq_natasha, uniq_edmund
D:5:      cheibrodos_helix_gallery, layout_rooms, okawaru_metal_pillars_1_2,
          fedhas_ov_isle_minmay
Temple:   hellmonk_temple_divided_pantheon

Skill      XL: |  1  2  3  4  5  6 |
---------------+-------------------+-----
Long Blades    | 3 4 |  4.9
Dodging        | 3 |  3.3
Armour         | 1 2 |  2.8
Stealth        | 1 |  1.7
Fighting       | 3 |  3.1
Throwing       | |  1.8

Action                     |  1- 3 |  4- 6 || total
---------------------------+-------+-------++-------
  Melee: Long sword        |    60 |     6 ||    66
         Dagger            |       |    96 ||    96
  Throw: Javelin           |       |     1 ||     1
   Stab: Sleeping          |     3 |     1 ||     4
 Armour: Leather armour    |    31 |    40 ||    71
         Chain mail        |       |     9 ||     9
  Dodge: Dodged            |    33 |    46 ||    79

Table legend: (Time is in decaauts)
 A = Elapsed time spent in this place.
 B = Non-inter-level travel time spent in this place.
 C = Inter-level travel time spent in this place.
 D = Time resting spent in this place.
 E = Time spent auto-exploring this place.
 F = Levels seen in this place.
 G = Mean time per level.
                   A        B        C        D        E       F      G
               +--------+--------+--------+--------+--------+-----+--------+
         Total |   2154 |   2056 |     98 |     59 |   1459 |   5 |  430.8 |
       Dungeon |   2113 |   2029 |     84 |     59 |   1459 |   4 |  528.2 |
        Temple |     40 |     26 |     14 |      0 |      0 |   1 |   40.0 |
               +--------+--------+--------+--------+--------+-----+--------+

Top non-repeatable levels by time:
     D:4: 932 daAuts
     D:1: 813 daAuts
     D:2: 335 daAuts
  Temple: 40 daAuts
     D:5: 32 daAuts
